 Dungeon Crawl Stone Soup version 0.16.1-16-gc44b35d (webtiles) character file.

807 KarvaRausku the Cleaver (level 7, -5/41 HPs)
             Began as a Gargoyle Fighter on Apr 16, 2015.
             Killed from afar by Blork the orc (9 damage)
             ... with a puff of flame
             ... on level 4 of the Dungeon.
             The game lasted 00:09:18 (4021 turns).

KarvaRausku the Cleaver (Gargoyle Fighter)          Turns: 4021, Time: 00:09:18

Health: -5/41      AC: 13    Str: 21    XL:     7   Next: 92%
Magic:  7/7        EV:  5    Int:  9    God:
Gold:   227        SH:  9    Dex:  9    Spells: 0 memorised, 6 levels left

rFire  . . .     SeeInvis .     a - +1 war axe (curse)
rCold  . . .     Clarity  .     m - +0 chain mail (curse)
rNeg   + + .     SustAb   .     c - +0 shield (curse)
rPois  ∞         Gourm    .     (no helmet)
rElec  +         Spirit   .     (no cloak)
rCorr  +         Warding  .     (no gloves)
rMut   .         Stasis   .     (no boots)
MR     .....                    y - amulet of resist corrosion (curse)
Stlth  ..........               (no ring)
                                s - ring of positive energy (curse)

@: not resistant to hostile enchantments, extremely unstealthy
A: negative energy resistance 1, electricity resistance, unbreathing,
petrification resistance, rot immunity, AC +4
a: no special abilities


You were on level 4 of the Dungeon.
You were not hungry.

You visited 1 branch of the dungeon, and saw 4 of its levels.
You also visited: Ossuary.

You collected 227 gold pieces.

Inventory:

Hand weapons
 a - a cursed +1 war axe (weapon)
Armour
 b - a cursed +1 scale mail
 c - a cursed +0 shield (worn)
 m - a cursed +0 chain mail (worn)
Jewellery
 l - a cursed ring of teleportation
 s - a cursed ring of positive energy (left hand)
 y - a cursed amulet of resist corrosion (around neck)
Magical devices
 o - a wand of disintegration (16)
Scrolls
 f - a scroll of enchant armour
 i - 4 scrolls of remove curse
 j - a scroll of amnesia {unknown}
 t - a scroll of fear {unknown}
 v - a scroll of enchant weapon
 x - 4 scrolls of identify
 D - a scroll of blinking {unknown}
Potions
 e - 2 potions of might
 g - 5 potions of curing
 k - a potion of ambrosia {unknown}
 p - 2 potions of flight {unknown}
 q - a potion of mutation {unknown}
 r - 2 potions of brilliance {unknown}
 w - 2 potions of restore abilities {unknown}
 z - 3 potions of agility {unknown}
 A - 2 potions of haste {unknown}
 B - a potion of heal wounds {unknown}
 C - a potion of resistance {unknown}
 E - a potion of invisibility {unknown}
 F - a potion of cure mutation {unknown}
Comestibles
 d - 4 bread rations
 h - 2 meat rations
 n - a slice of pizza
 u - 3 fruits
 G - a chunk of flesh


   Skills:
 - Level 3.2 Fighting
 + Level 8.0 Axes
 - Level 3.2 Armour
 - Level 3.2 Shields


You had 6 spell levels left.
You didn't know any spells.

Dungeon Overview and Level Annotations

Branches:
Dungeon (4/15)
 Temple: D:4-7

Altars:
Trog

Annotations:
D:4 Blork the orc; KarvaRausku's ghost, experienced GrFi


Innate Abilities, Weirdness & Mutations

You are resistant to torment.
You are immune to poison.
Your stone body is very resilient (AC +4).
You resist negative energy.
You are resistant to electric shocks.
You can survive without breathing.
You are immune to petrification.
You are immune to rotting.


Message History

You closely miss Blork the orc.
Blork the orc is severely wounded.
Blork the orc hits you with a dire flail!
* * * LOW HITPOINT WARNING * * *
You hit Blork the orc.
Blork the orc is almost dead.
Blork the orc points at you and mumbles some strange words.
The puff of frost hits you!
* * * LOW HITPOINT WARNING * * *
Blork the orc points at you and mumbles some strange words.
The puff of frost hits you!
Drink which item? (? for menu, Esc to quit)
Okay, then.
Blork the orc casts a spell.
Blork the orc flickers and vanishes!
Deactivating autopickup; reactivate with Ctrl-A.
You hear some strange, mumbled words.
Found a stone staircase leading down.
The puff of flame hits you!
You die...

.# .. # ### ..# #..
#.####.##..# . #..
#..........#... ..##..
#.........!. '..#
#[.......... #..
#.#.###..#.. #.
#.#####>.# #.
#.##.@...# . #.
#.##.###.# #'# #.
#.##.###.# #.# #.
#........# #.# #.
####)########.#######.
#.# #............##
#(# #.##.....# #.##
#(###.###...####.##
#.(....##..###.....


There were no monsters in sight!

Vanquished Creatures
  Edmund (D:4)
  A centaur (D:4)
  3 orc priests
  A giant frog skeleton (D:4)
  A hound (D:4)
  3 orc wizards
  An iguana (D:4)
  A centaur skeleton (D:4)
  Terence (D:2)
  13 mummies
  5 adders
  2 worms
  3 giant geckos
  11 orcs
  12 bats
  13 goblins
  11 hobgoblins
  7 kobolds
  A quokka (D:4)
  4 ball pythons
  2 giant newts
  A gnoll skeleton (Ossuary)
  A goblin skeleton (Ossuary)
  2 kobold skeletons (Ossuary)
  2 orc skeletons (Ossuary)
  4 rats
  11 rat skeletons (Ossuary)
118 creatures vanquished.

Vanquished Creatures (others)
  2 kobold skeletons (Ossuary)
2 creatures vanquished.

Grand Total: 120 creatures vanquished

Notes
Turn   | Place    | Note
--------------------------------------------------------------
     0 | D:1      | KarvaRausku, the Gargoyle Fighter, began the quest for the Orb.
     0 | D:1      | Reached XP level 1. HP: 14/14 MP: 1/1
   288 | D:1      | Reached XP level 2. HP: 19/19 MP: 2/2
  1069 | D:2      | Reached XP level 3. HP: 21/23 MP: 3/3
  1643 | D:3      | Reached XP level 4. HP: 28/28 MP: 4/4
  1672 | D:3      | Found a bloodstained altar of Trog.
  1720 | D:3      | Reached skill level 4 in Axes
  1831 | D:3      | Reached XP level 5. HP: 27/32 MP: 5/5
  1891 | D:3      | Reached skill level 5 in Axes
  2197 | D:3      | Noticed a crocodile
  2502 | D:2      | Noticed Terence
  2515 | D:2      | Killed Terence
  3003 | D:3      | Reached XP level 6. HP: 31/37 MP: 6/6
  3032 | D:4      | Noticed KarvaRausku's ghost (experienced GrFi)
  3035 | D:4      | Noticed Edmund
  3086 | D:4      | Killed Edmund
  3086 | D:4      | Reached skill level 6 in Axes
  3277 | D:4      | Reached XP level 7. HP: 21/41 MP: 7/7
  3404 | D:4      | Found a sand-covered staircase.
  3416 | Ossuary  | Entered an ossuary
  3473 | Ossuary  | Reached skill level 7 in Axes
  3985 | D:4      | Reached skill level 8 in Axes
  3998 | D:4      | Noticed Blork the orc
  4010 | D:4      | HP: 2/41 [Blork the orc/puff of frost (2)]
  4021 | D:4      | Killed from afar by Blork the orc

Action                   |  1- 3 |  4- 6 |  7- 9 || total
-------------------------+-------+-------+-------++-------
Melee: War axe           |   113 |   179 |   153 ||   445
 Abil: Evoke Teleportati |       |     1 |       ||     1
  Use: Scroll            |     8 |       |       ||     8
  Eat: Chunk             |     2 |     6 |     1 ||     9
       Royal jelly       |       |       |     1 ||     1
